UNITED STATES SILVER LEAGUE
CAPITOL DISTRICT TEMPLARS VS NORTHERN VIRGINIA RETRIEVERS
07/04/2014
 
TOP OF THE 1ST
Northern Virginia Retrievers batting - Pitching for Capitol District Templars : RHP Joe King
Pitching: RHP Joe King
Batting: LHB Luis Robles 0-0: Called Strike
0-1: DOUBLE (Flyball, 89XD)
Batting: LHB Jim Chaffe 0-0: Ball
1-0: Ball
2-0: Ball
3-0: Base on Balls
Batting: RHB Don Brown 0-0: Ball
1-0: Called Strike
1-1: Ball
2-1: Called Strike
2-2: Foul Ball, location: 2F
2-2: Ball
3-2: Base on Balls
Luis Robles to third
Jim Chaffe to second
Batting: RHB Jorge Gómez 0-0: Called Strike
0-1: Foul Ball, location: 2F
0-2: Strikes out swinging
Batting: RHB Manuel Romo 0-0: Swinging Strike
0-1: Swinging Strike
0-2: Strikes out swinging
Batting: RHB Danny Spencer 0-0: Foul Ball, location: 2F
0-1: Ball
1-1: Swinging Strike
1-2: Strikes out swinging
Top of the 1st over - 0 run(s), 1 hit(s), 0 error(s), 3 left on base; Northern Virginia 0 - Capitol District 0
BOTTOM OF THE 1ST
Capitol District Templars batting - Pitching for Northern Virginia Retrievers : LHP Ricardo Hernández
Pitching: LHP Ricardo Hernández
Batting: LHB Aaron Givens 0-0: Ball
1-0: Foul Ball, location: 2F
1-1: Bunt for hit - play at first, batter OUT! 2-3
Batting: RHB Harry Fuller 0-0: Ball
1-0: Called Strike
1-1: Fly out, F8 (Flyball, 8LM)
Batting: RHB Juan Torres 0-0: Ball
1-0: Ground out 6-3 (Groundball, 6)
Bottom of the 1st over - 0 run(s), 0 hit(s), 0 error(s), 0 left on base; Northern Virginia 0 - Capitol District 0
TOP OF THE 2ND
Northern Virginia Retrievers batting - Pitching for Capitol District Templars : RHP Joe King
Batting: LHB John Holbrook 0-0: Ball
1-0: Called Strike
1-1: Foul Ball, location: 2F
1-2: Foul Ball, location: 2F
1-2: Hit by Pitch
Batting: SHB Matt Nichols 0-0: Called Strike
0-1: Ball
1-1: TRIPLE (Flyball, 8RM)
John Holbrook scores
Batting: LHB Ricardo Hernández 0-0: Foul Ball, location: 2F
0-1: Ball
1-1: DOUBLE (Line Drive, 89M)
Matt Nichols scores
Batting: LHB Luis Robles 0-0: Swinging Strike
0-1: SINGLE (Flyball, 89S)
Ricardo Hernández to third
Batting: LHB Jim Chaffe 0-0: Called Strike
0-1: Ball
Luis Robles steals 2nd base
1-1: Swinging Strike
1-2: Foul Ball, location: 2F
1-2: 3-RUN HOME RUN (Flyball, 7D), Distance : 367 ft
Pitching: RHP Melvin González
Batting: RHB Don Brown 0-0: Ball
1-0: Called Strike
1-1: Ball
2-1: Foul Ball, location: 2F
2-2: Ball
3-2: Foul Ball, location: 2F
3-2: Strikes out looking
Batting: RHB Jorge Gómez 0-0: Ball
1-0: Ball
2-0: Called Strike
2-1: Ball
3-1: Base on Balls
Batting: RHB Manuel Romo 0-0: Ball
1-0: SINGLE (Flyball, 7LS)
Jorge Gómez to second
Batting: RHB Danny Spencer 0-0: Ball
1-0: Ball
2-0: Ball
3-0: Called Strike
3-1: Fielders Choice at 2nd, 6-4 (Groundball, 6)
Jorge Gómez to third
Batting: LHB John Holbrook 0-0: Ball
1-0: Swinging Strike
1-1: Swinging Strike
1-2: Ground out 2-3 (Groundball, 2L)
Top of the 2nd over - 5 run(s), 5 hit(s), 0 error(s), 2 left on base; Northern Virginia 5 - Capitol District 0
BOTTOM OF THE 2ND
Capitol District Templars batting - Pitching for Northern Virginia Retrievers : LHP Ricardo Hernández
Batting: LHB Roberto Rodríguez 0-0: Swinging Strike
0-1: Ball
1-1: Ball
2-1: Ball
3-1: Foul Ball, location: 2F
3-2: Strikes out looking
Batting: RHB Ricardo Cruz 0-0: SINGLE (Line Drive, 34D)
Batting: RHB Henry Collier 0-0: SINGLE (Line Drive, 7S)
Ricardo Cruz to second
Batting: RHB Forest Simmons 0-0: Swinging Strike
0-1: Ball
Wild Pitch!
Ricardo Cruz to third
Henry Collier to second
1-1: Swinging Strike
1-2: Ball
2-2: Ball
3-2: Strikes out looking
Batting: RHB Wesley Osborne 0-0: Fly out, F7 (Line Drive, 7M)
Bottom of the 2nd over - 0 run(s), 2 hit(s), 0 error(s), 2 left on base; Northern Virginia 5 - Capitol District 0
TOP OF THE 3RD
Northern Virginia Retrievers batting - Pitching for Capitol District Templars : RHP Melvin González
Batting: SHB Matt Nichols 0-0: Ball
1-0: Fly out, F8 (Flyball, 8RM)
Batting: LHB Ricardo Hernández 0-0: Foul Ball, location: 2F
0-1: Foul Ball, location: 2F
0-2: Fly out, F6 (Popup, 6M)
Batting: LHB Luis Robles 0-0: Ball
1-0: Ball
2-0: Foul Ball, location: 2F
2-1: Called Strike
2-2: Strikes out looking
Top of the 3rd over - 0 run(s), 0 hit(s), 0 error(s), 0 left on base; Northern Virginia 5 - Capitol District 0
BOTTOM OF THE 3RD
Capitol District Templars batting - Pitching for Northern Virginia Retrievers : LHP Ricardo Hernández
Batting: SHB Melvin González 0-0: Ball
1-0: Foul Ball, location: 2F
1-1: Ball
2-1: Foul Ball, location: 2F
2-2: Ball
3-2: Foul Ball, location: 2F
3-2: Base on Balls
Batting: LHB Aaron Givens 0-0: Ball
1-0: Foul Ball, location: 2F
1-1: Foul Ball, location: 2F
1-2: Strikes out swinging
Batting: RHB Harry Fuller 0-0: Ball
1-0: Foul Ball, location: 2F
1-1: Ball
2-1: Ball
3-1: Fly out, F7 (Flyball, 7LM)
Batting: RHB Juan Torres 0-0: SINGLE (Line Drive, 6MD)
Melvin González to second
Runner from 2nd tries for 3rd, SAFE, throw made to third
Batting: LHB Roberto Rodríguez 0-0: Foul Ball, location: 2F
0-1: Called Strike
0-2: Ball
1-2: Fly out, F5 (Popup, 5SF)
Bottom of the 3rd over - 0 run(s), 1 hit(s), 0 error(s), 2 left on base; Northern Virginia 5 - Capitol District 0
TOP OF THE 4TH
Northern Virginia Retrievers batting - Pitching for Capitol District Templars : RHP Melvin González
Batting: LHB Jim Chaffe 0-0: Ball
1-0: Foul Ball, location: 2F
1-1: Foul Ball, location: 2F
1-2: Fly out, F8 (Line Drive, 8LM)
Pitching: RHP Dan Williams
Batting: RHB Don Brown 0-0: Ball
1-0: Fly out, F8 (Flyball, 8LXD)
Batting: RHB Jorge Gómez 0-0: Called Strike
0-1: Foul Ball, location: 2F
0-2: Ball
1-2: Ball
2-2: Strikes out swinging
Top of the 4th over - 0 run(s), 0 hit(s), 0 error(s), 0 left on base; Northern Virginia 5 - Capitol District 0
BOTTOM OF THE 4TH
Capitol District Templars batting - Pitching for Northern Virginia Retrievers : LHP Ricardo Hernández
Batting: RHB Ricardo Cruz 0-0: Ball
1-0: Foul Ball, location: 2F
1-1: Called Strike
1-2: Ball
2-2: SOLO HOME RUN (Flyball, 89XD), Distance : 409 ft
Batting: RHB Henry Collier 0-0: Called Strike
0-1: Ground out 6-3 (Groundball, 6M)
Batting: RHB Forest Simmons 0-0: Called Strike
0-1: Called Strike
0-2: Strikes out swinging
Batting: RHB Wesley Osborne 0-0: Foul Ball, location: 2F
0-1: Called Strike
0-2: Fly out, F9 (Popup, 4D)
Bottom of the 4th over - 1 run(s), 1 hit(s), 0 error(s), 0 left on base; Northern Virginia 5 - Capitol District 1
TOP OF THE 5TH
Northern Virginia Retrievers batting - Pitching for Capitol District Templars : RHP Dan Williams
Batting: RHB Manuel Romo 0-0: Called Strike
0-1: Ball
1-1: Called Strike
1-2: Ball
2-2: Strikes out swinging
Batting: RHB Danny Spencer 0-0: Swinging Strike
0-1: Called Strike
0-2: Ball
1-2: Strikes out swinging
Batting: LHB John Holbrook 0-0: Called Strike
0-1: Called Strike
0-2: SINGLE (Flyball, 89S)
Batting: SHB Matt Nichols 0-0: Ball
1-0: Called Strike
1-1: Ball
2-1: Ball
3-1: Foul Ball, location: 2F
3-2: Foul Ball, location: 2F
3-2: Ground out 4-3 (Groundball, 4)
Top of the 5th over - 0 run(s), 1 hit(s), 0 error(s), 1 left on base; Northern Virginia 5 - Capitol District 1
BOTTOM OF THE 5TH
Capitol District Templars batting - Pitching for Northern Virginia Retrievers : LHP Ricardo Hernández
Batting: RHB Dan Williams 0-0: Foul Ball, location: 2F
0-1: Called Strike
0-2: Ball
1-2: Ball
2-2: Ball
3-2: Base on Balls
Batting: LHB Aaron Givens 0-0: Ball
1-0: Fly out, F7 (Flyball, 78M)
Batting: RHB Harry Fuller 0-0: Ball
1-0: Ball
2-0: Ball
3-0: Base on Balls
Dan Williams to second
Batting: RHB Juan Torres 0-0: Foul Ball, location: 2F
0-1: Called Strike
0-2: Strikes out swinging
Batting: LHB Roberto Rodríguez 0-0: Foul Ball, location: 2F
0-1: Called Strike
0-2: Foul Ball, location: 2F
0-2: Hit by Pitch
Dan Williams to third
Harry Fuller to second
Batting: RHB Ricardo Cruz 0-0: Ball
1-0: DOUBLE (Groundball, 5L)
Dan Williams scores
Harry Fuller scores
Roberto Rodríguez to third
Runner from 3rd tries for Home, SAFE, no throw or cutoff
Batting: RHB Henry Collier 0-0: Ball
1-0: Ball
2-0: Ball
3-0: Base on Balls
Batting: RHB Forest Simmons 0-0: Ball
Wild Pitch!
Ricardo Cruz to third
Henry Collier to second
1-0: Fly out, F6 (Line Drive, 6D)
Bottom of the 5th over - 3 run(s), 1 hit(s), 0 error(s), 2 left on base; Northern Virginia 5 - Capitol District 4
TOP OF THE 6TH
Northern Virginia Retrievers batting - Pitching for Capitol District Templars : RHP Dan Williams
Pinch Hitting: LHB Chris Drew 0-0: Ball
1-0: SINGLE (Groundball, 4MD)
Batting: LHB Luis Robles 0-0: Foul Ball, location: 2F
0-1: Ball
1-1: Ball
2-1: Foul Ball, location: 2F
2-2: SINGLE (Groundball, 4M)
Chris Drew to second
Batting: LHB Jim Chaffe 0-0: Sac Bunt - play at first, batter OUT! 5-3
Chris Drew to third
Luis Robles to second
Batting: RHB Don Brown 0-0: Intentional Walk
Batting: RHB Jorge Gómez 0-0: Ball
1-0: Fly out, F8 (Flyball, 8RD)
Runner from 3rd tags up, SCORES, no throw
Luis Robles to third
Batting: RHB Manuel Romo 0-0: Called Strike
0-1: Ball
1-1: Ball
2-1: Ball
3-1: Base on Balls
Don Brown to second
Pitching: LHP Rocky Russell
Now in RF: Cristo Correa
Batting: RHB Danny Spencer 0-0: Foul Ball, location: 2F
0-1: Ball
1-1: Swinging Strike
1-2: Ball
2-2: Fly out, F5 (Popup, 5DF)
Top of the 6th over - 1 run(s), 2 hit(s), 0 error(s), 3 left on base; Northern Virginia 6 - Capitol District 4
BOTTOM OF THE 6TH
Capitol District Templars batting - Pitching for Northern Virginia Retrievers : LHP Ricardo Hernández
Pitching: LHP Marvin Davenport
Now at 2B: Danny Scanlan
Batting: RHB Wesley Osborne 0-0: Swinging Strike
0-1: SOLO HOME RUN (Flyball, 78XD), Distance : 424 ft
Batting: LHB Cristo Correa 0-0: Ball
1-0: Bunt for hit - play at first, batter safe!
Batting: LHB Aaron Givens 0-0: Called Strike
0-1: Bunted foul
0-2: Foul Ball, location: 2F
0-2: SINGLE (Line Drive, 89S)
Cristo Correa to second
Batting: RHB Harry Fuller 0-0: Sac Bunt - play at first, batter OUT! 5-3
Cristo Correa to third
Aaron Givens to second
Batting: RHB Juan Torres 0-0: Foul Ball, location: 2F
0-1: Ball
1-1: Fly out, F7 (Flyball, 7M)
Runner from 3rd tags up, SCORES, no throw
Pitching: RHP Jud White
Batting: LHB Roberto Rodríguez 0-0: DOUBLE (Line Drive, 7LM)
Aaron Givens scores
Batting: RHB Ricardo Cruz 0-0: Ball
1-0: Ball
2-0: Ball
3-0: SINGLE (Line Drive, 6M)
Roberto Rodríguez to third
Runner from 3rd tries for Home, SAFE, no throw or cutoff
Batting: RHB Henry Collier 0-0: Ball
1-0: Swinging Strike
1-1: Swinging Strike
1-2: Foul Ball, location: 2F
1-2: Foul Ball, location: 2F
1-2: Ball
2-2: Foul Ball, location: 2F
2-2: Foul Ball, location: 2F
2-2: Fly out, F8 (Flyball, 8LS)
Bottom of the 6th over - 4 run(s), 5 hit(s), 0 error(s), 1 left on base; Northern Virginia 6 - Capitol District 8
TOP OF THE 7TH
Northern Virginia Retrievers batting - Pitching for Capitol District Templars : LHP Rocky Russell
Batting: LHB John Holbrook 0-0: Called Strike
0-1: Ball
1-1: Swinging Strike
1-2: SINGLE (Line Drive, 89M)
Batting: SHB Matt Nichols 0-0: Called Strike
0-1: Grounds into double play, 5-4-3 (Groundball, 5L)
Batting: LHB Danny Scanlan 0-0: Foul Ball, location: 2F
0-1: Foul Ball, location: 2F
0-2: Reached on error, E4 (Groundball, 4)
Batting: LHB Luis Robles 0-0: Ball
1-0: Called Strike
1-1: Ball
2-1: Ground out 4-3 (Groundball, 4)
Top of the 7th over - 0 run(s), 1 hit(s), 1 error(s), 1 left on base; Northern Virginia 6 - Capitol District 8
BOTTOM OF THE 7TH
Capitol District Templars batting - Pitching for Northern Virginia Retrievers : RHP Jud White
Pinch Hitting: LHB Jeff Walsh 0-0: Ball
1-0: Ball
2-0: Swinging Strike
2-1: Ball
3-1: Ground out 4-3 (Groundball, 4)
Batting: RHB Wesley Osborne 0-0: Foul Ball, location: 2F
0-1: Called Strike
0-2: Foul Ball, location: 2F
0-2: Ball
1-2: Ball
2-2: Foul Ball, location: 2F
2-2: Ground out 1-3 (Groundball, 15S)
Batting: LHB Cristo Correa 0-0: Called Strike
0-1: Ball
1-1: Swinging Strike
1-2: Ball
2-2: Foul Ball, location: 2F
2-2: Ball
3-2: Foul Ball, location: 2F
3-2: Foul Ball, location: 2F
3-2: Foul Ball, location: 2F
3-2: Base on Balls
Batting: LHB Aaron Givens 0-0: Foul Ball, location: 2F
0-1: Ball
1-1: Called Strike
Cristo Correa steals 2nd base
1-2: DOUBLE (Line Drive, 9LM)
Cristo Correa scores
Pitching: RHP Jesús Peńa
Now in RF: Scott Boardman
Batting: RHB Harry Fuller 0-0: Called Strike
0-1: Ball
1-1: Called Strike
1-2: Foul Ball, location: 2F
1-2: Foul Ball, location: 2F
1-2: Ball
2-2: Strikes out swinging
Bottom of the 7th over - 1 run(s), 1 hit(s), 0 error(s), 1 left on base; Northern Virginia 6 - Capitol District 9
TOP OF THE 8TH
Northern Virginia Retrievers batting - Pitching for Capitol District Templars : LHP Rocky Russell
Pitching: RHP Nate Wedge
Batting: LHB Scott Boardman 0-0: Ball
1-0: Called Strike
1-1: Ball
2-1: Fly out, F7 (Flyball, 7M)
Batting: RHB Don Brown 0-0: Ball
1-0: Swinging Strike
1-1: SOLO HOME RUN (Line Drive, 7D), Distance : 373 ft
Batting: RHB Jorge Gómez 0-0: Swinging Strike
0-1: Ball
1-1: Swinging Strike
1-2: DOUBLE (Line Drive, 89S)
Batting: RHB Manuel Romo 0-0: Ball
1-0: Fly out, F6 (Popup, 56)
Batting: RHB Danny Spencer 0-0: Ball
1-0: Foul Ball, location: 2F
1-1: Ball
2-1: Fly out, F5 (Line Drive, 5L)
Top of the 8th over - 1 run(s), 2 hit(s), 0 error(s), 1 left on base; Northern Virginia 7 - Capitol District 9
BOTTOM OF THE 8TH
Capitol District Templars batting - Pitching for Northern Virginia Retrievers : RHP Jesús Peńa
Batting: RHB Juan Torres 0-0: Ball
1-0: Ball
2-0: Ball
3-0: Called Strike
3-1: Swinging Strike
3-2: Base on Balls
Batting: LHB Roberto Rodríguez 0-0: Fly out, F7 (Flyball, 7LM)
Batting: RHB Ricardo Cruz 0-0: Called Strike
0-1: Ball
1-1: Called Strike
1-2: SINGLE (Line Drive, 34)
Juan Torres to second
Batting: RHB Henry Collier 0-0: Foul Ball, location: 2F
0-1: Ball
1-1: Ball
2-1: Foul Ball, location: 2F
2-2: Ball
3-2: Grounds into double play, 6-4-3 (Groundball, 6M)
Bottom of the 8th over - 0 run(s), 1 hit(s), 0 error(s), 2 left on base; Northern Virginia 7 - Capitol District 9
TOP OF THE 9TH
Northern Virginia Retrievers batting - Pitching for Capitol District Templars : RHP Nate Wedge
Pitching: LHP Augusto Jaramillo
Pinch Hitting: RHB Steve Patrick 0-0: Ball
1-0: Foul Ball, location: 2F
1-1: Ball
2-1: Ball
3-1: Base on Balls
Batting: SHB Matt Nichols 0-0: Ball
1-0: Ball
2-0: Called Strike
2-1: Fielders Choice at 2nd, 6-4 (Groundball, 6)
Batting: LHB Danny Scanlan 0-0: Grounds into double play, 6-4-3 (Groundball, 6)
Top of the 9th over - 0 run(s), 0 hit(s), 0 error(s), 1 left on base; Northern Virginia 7 - Capitol District 9
This league is powered by Out of the Park Baseball, the baseball management simulation game for PC, Mac and Linux
Thursday, April 24th, 2014 - OOTP Baseball 14.6 Build 33